 Dungeon Crawl Stone Soup version 0.21.1-1-g345015fe64 (webtiles) character file.

20452 Bergy the Bludgeoner (level 12, -17/79 HPs)
             Began as a Gargoyle Fighter on July 25, 2018.
             Was an Elder of Makhleb.
             Killed from afar by an ice statue (21 damage)
             ... with a shard of ice
             ... on level 1 of the Shoals.
             The game lasted 01:04:25 (11821 turns).

Bergy the Bludgeoner (Gargoyle Fighter)            Turns: 11821, Time: 01:04:26

Health: -17/79     AC: 27    Str: 27    XL:     12   Next: 79%
Magic:  12/12      EV:  6    Int: 11    God:    Makhleb [****..]
Gold:   382        SH: 10    Dex: 13    Spells: 11/11 levels left

rFire    + . .     SeeInvis .   S - +6 whip "Jycaq" {drain, *Corrode rF+ rN++ Stlth+}
rCold    . . .     Gourm    .   c - +0 shield
rNeg     + + +     Faith    .   y - +2 chain mail {rPois}
rPois    ∞         Spirit   .   O - +2 hat
rElec    +         Reflect  .   t - +0 cloak
rCorr    .         Harm     .   o - +0 pair of gloves
MR       .....                  (no boots)
Stlth    ..........             q - amulet of regeneration
HPRegen  0.63/turn              F - +3 ring of dexterity
MPRegen  0.13/turn              (no ring)

@: mighty
A: negative energy resistance 1, electricity resistance, unbreathing,
petrification resistance, rot immunity, AC +8
a: Minor Destruction, Lesser Servant of Makhleb, Major Destruction, Renounce
Religion


You were on level 1 of the Shoals.
You worshipped Makhleb.
Makhleb was greatly pleased with you.
You were not hungry.

You visited 3 branches of the dungeon, and saw 16 of its levels.

You collected 710 gold pieces.
You spent 328 gold pieces at shops.

Inventory:

Hand Weapons
 H - a +3 morningstar of protection
 I - a +1 war axe of flaming
 S - the +6 whip "Jycaq" (weapon) {drain, *Corrode rF+ rN++ Stlth+}
   (You found it on level 2 of the Lair of Beasts)

   A truly terrible weapon, it drains the life of those it strikes.
   It protects you from fire.
   It greatly protects you from negative energy.
   It may corrode you when you take damage.
   It makes you more stealthy.
Missiles
 u - 20 tomahawks (quivered)
 L - 3 javelins
Armour
 c - a +0 shield (worn)
 o - a +0 pair of gloves (worn)
 t - a +0 cloak (worn)
 y - a +2 chain mail of poison resistance (worn)
 O - a +2 hat (worn)
Jewellery
 q - an amulet of regeneration (around neck)
 F - a +3 ring of dexterity (left hand)
 N - an uncursed ring of flight
Wands
 a - a wand of polymorph (11)
 b - a wand of flame (25)
 l - a wand of acid (15)
 G - a wand of clouds (10)
Scrolls
 g - 5 scrolls of remove curse
 i - 3 scrolls of magic mapping
 j - 6 scrolls of enchant armour
 m - 2 scrolls of enchant weapon {unknown}
 n - 2 scrolls of immolation {unknown}
 p - 2 scrolls of random uselessness {unknown}
 r - a scroll of amnesia {unknown}
 s - 5 scrolls of teleportation
 v - a scroll of noise {unknown}
 z - a scroll of fog {unknown}
 A - a scroll of vulnerability {unknown}
 P - a scroll of brand weapon {unknown}
 R - 3 scrolls of fear {unknown}
 V - a scroll of identify
Potions
 d - 2 potions of might
 e - 7 potions of curing
 h - a potion of resistance {unknown}
 k - 4 potions of brilliance {unknown}
 w - a potion of agility {unknown}
 x - 2 potions of lignification
 B - a potion of ambrosia {unknown}
 C - a potion of invisibility {unknown}
 J - a potion of haste {unknown}
 Q - a potion of degeneration {unknown}
 T - a potion of berserk rage
Books
 D - a book of Callings

   Spells                             Type                      Level
   a - Summon Small Mammal            Summoning                    1
   b - Call Imp                       Summoning                    2
   c - Call Canine Familiar           Summoning                    3
   d - Summon Guardian Golem          Hexes/Summoning              3
   e - Summon Lightning Spire         Summoning/Air                4
   f - Summon Ice Beast               Ice/Summoning                4
 E - a book of Debilitation

   Spells                             Type                      Level
   a - Corona                         Hexes                        1
   b - Slow                           Hexes                        2
   c - Inner Flame                    Hexes/Fire                   3
   d - Portal Projectile              Hexes/Translocation          3
   e - Cause Fear                     Hexes                        4
   f - Leda's Liquefaction            Hexes/Earth                  4
Miscellaneous
 M - a phantom mirror
 U - a lamp of fire
Comestibles
 f - 19 rations
 K - a chunk of flesh


   Skills:
 + Level 10.9 Fighting
 + Level 15.1 Maces & Flails
 + Level 11.0 Armour
 + Level 4.4 Shields


You had 11 spell levels left.
You didn't know any spells.

Dungeon Overview and Level Annotations

Branches:
Dungeon (11/15)            Temple (0/1) D:5            Lair (4/6) D:10
 Shoals (1/4) Lair:4        Snake (0/4) Lair:4
    Orc: D:9-12

Altars:
Cheibriados
Dithmenos
Fedhas
Kikubaaqudgha
Makhleb
Nemelex Xobeh
Okawaru
Ru
Uskayaw
Vehumet
Yredelemnul

Shops:
D:5 ?   D:7 =   D:8 ?

Annotations:
D:6 Lynxxx's ghost, novice MiFi
Shoals:1 exclusion: ice statue


Innate Abilities, Weirdness & Mutations

You are resistant to torment.
Your stone body is resilient. (AC +8)
You are immune to poison.
You resist negative energy. (rN+)
You are resistant to electric shocks. (rElec)
You can survive without breathing.
You are immune to petrification.
You are immune to rotting.


Message History

The ice beast hits you but does no damage.
The ice beast barely misses you. You block the wind drake's attack.
You whack the ice beast!
The ice beast is almost dead.
The ice beast hits you but does no damage.
The ice beast barely misses you. The wind drake barely misses you.
The wind drake bites you. The merfolk barely misses you.
The wind drake bites you. The wind drake flaps its wings at you.
The air twists around and strikes you!
* * * LOW HITPOINT WARNING * * *
The merfolk completely misses you. The ice statue gestures at you.
You block the shard of ice. The ice beast hits you.
* * * LOW HITPOINT WARNING * * *
The ice beast freezes you!
* * * LOW HITPOINT WARNING * * *
The ice statue gestures at you. The shard of ice hits you!
You die...

......≈≈...≈≈≈
≈≈≈≈...............≈≈≈≈
≈≈≈. ..............≈≈≈≈
≈≈≈.. ........≈≈≈≈≈≈≈≈≈
≈ ≈≈≈. #.#.##..≈≈≈≈≈≈≈≈≈
≈≈≈≈≈.##..........≈≈≈≈≈≈
≈≈≈≈##.............≈≈≈≈≈
≈≈≈≈........8.@....≈≈≈≈≈
#!<..((..kYY..≈≈≈≈≈
≈≈≈...##.#....m...≈≈≈≈≈≈
≈≈≈.. #.....≈Ym≈≈≈≈≈≈≈≈
≈≈.. ......≈≈≈(≈≈≈P≈P≈≈
... ..P.P..≈≈≈≈≈P≈≈PP≈≈≈
.. ../...P≈≈H≈≈≈≈≈PPPP≈
. ...PP≈P≈≈≈≈≈≈≈≈≈P≈≈≈
......≈≈≈P≈≈≈≈≈≈≈≈≈≈≈


You could see an ice statue, a wind drake, 2 merfolk, a manticore and 3 ice
beasts.

Vanquished Creatures
  3 hydras
  Erica (D:8)
  2 two-headed ogres
  The ghost of kalosz4 the Poker, a novice MiCK of Xom (D:8)
  6 spiny frogs
  A gargoyle (D:8)
  2 komodo dragons
  2 trolls
  A polar bear (Lair:3)
  5 hippogriffs
  A spriggan (D:7)
  29 yaks
  A basilisk (Lair:2)
  A hungry ghost (D:9)
  4 nagas (Lair:4)
  7 water moccasins
  6 porcupines
  8 orc warriors
  A phantom (D:7)
  2 sky beasts
  2 ice beasts
  2 black bears
  2 ogres
  5 centaurs (Lair:4)
  10 crocodiles
  5 bullfrogs
  A wyvern zombie (D:8)
  5 scorpions
  8 killer bees
  2 howler monkeys
  A centaur zombie (D:10)
  5 crimson imps
  6 hounds
  6 orc priests
  A bullfrog skeleton (D:5)
  4 jellies
  Crazy Yiuf (D:5)
  A gnoll shaman (D:7)
  2 iguanas
  14 orc wizards
  6 worker ants
  A hound skeleton (D:9)
  8 gnolls
  12 adders
  2 shadow imps
  An ooze (D:6)
  An adder skeleton (D:10)
  An adder zombie (D:6)
  3 dart slugs
  6 leopard geckos
  43 orcs
  6 giant cockroaches
  14 goblins
  4 hobgoblins
  3 jackals (D:5)
  4 quokkas
  2 ball pythons (D:3)
  11 bats
  7 frilled lizards
  A jackal skeleton (D:6)
  8 kobolds
  7 rats
318 creatures vanquished.

Vanquished Creatures (others)
  A rat (D:3)
1 creature vanquished.

Grand Total: 319 creatures vanquished

Notes
Turn   | Place    | Note
-------+----------+-------------------------------------------
     0 | D:1      | Bergy the Gargoyle Fighter began the quest for the Orb.
     0 | D:1      | Reached XP level 1. HP: 14/14 MP: 1/1
   152 | D:1      | Reached XP level 2. HP: 19/19 MP: 2/2
   274 | D:1      | Reached skill level 3 in Maces & Flails
   849 | D:2      | Reached XP level 3. HP: 22/23 MP: 3/3
   986 | D:2      | Found a sparkling altar of Nemelex Xobeh.
  1959 | D:2      | Reached skill level 4 in Maces & Flails
  2030 | D:2      | Reached XP level 4. HP: 11/28 MP: 4/4
  2341 | D:3      | Reached skill level 5 in Maces & Flails
  2346 | D:3      | Reached XP level 5. HP: 31/32 MP: 5/5
  2367 | D:3      | Found an iron altar of Okawaru.
  2626 | D:3      | Found a radiant altar of Vehumet.
  3141 | D:4      | Found a burning altar of Makhleb.
  3169 | D:4      | Became a worshipper of Makhleb the Destroyer
  3176 | D:4      | Reached skill level 6 in Maces & Flails
  3244 | D:4      | Reached XP level 6. HP: 37/37 MP: 6/6
  3491 | D:5      | Entered Level 5 of the Dungeon
  3528 | D:5      | Found a runed door.
  3532 | D:5      | Noticed Crazy Yiuf
  3539 | D:5      | Killed Crazy Yiuf
  3601 | D:5      | Found Zumipix's Magic Scroll Shoppe.
  3615 | D:5      | Bought a scroll of identify for 24 gold pieces
  3615 | D:5      | Bought a scroll of identify for 24 gold pieces
  3615 | D:5      | Bought a scroll of teleportation for 36 gold pieces
  3615 | D:5      | Bought a scroll of identify for 24 gold pieces
  3615 | D:5      | Bought a scroll of identify for 24 gold pieces
  3615 | D:5      | Bought a scroll of identify for 24 gold pieces
  3724 | D:5      | Reached skill level 7 in Maces & Flails
  3769 | D:5      | Reached XP level 7. HP: 41/41 MP: 7/7
  4183 | D:5      | Reached skill level 8 in Maces & Flails
  4270 | D:5      | Found a staircase to the Ecumenical Temple.
  4283 | D:5      | Reached * piety under Makhleb
  4389 | D:5      | Found an ancient bone altar of Kikubaaqudgha.
  4639 | D:6      | Reached XP level 8. HP: 48/48 MP: 8/8
  4650 | D:6      | Noticed Lynxxx's ghost (novice MiFi)
  4882 | D:6      | Reached skill level 5 in Armour
  4921 | D:6      | Reached skill level 9 in Maces & Flails
  4980 | D:6      | Found a hide-covered altar of Uskayaw.
  5410 | D:7      | Found a shadowy altar of Dithmenos.
  5564 | D:7      | Reached skill level 5 in Fighting
  5585 | D:7      | Noticed a spriggan baker
  5624 | D:7      | Killed a spriggan baker
  5624 | D:7      | Reached XP level 9. HP: 44/54 MP: 9/9
  5698 | D:7      | Reached skill level 10 in Maces & Flails
  5720 | D:7      | Found a blossoming altar of Fedhas.
  6296 | D:7      | Found Soamul's Jewellery Shoppe.
  6315 | D:7      | Bought a +3 ring of dexterity for 172 gold pieces
  6698 | D:8      | Noticed a two-headed ogre
  6983 | D:7      | Killed a two-headed ogre
  6983 | D:7      | Reached skill level 11 in Maces & Flails
  7003 | D:7      | Reached XP level 10. HP: 44/61 MP: 10/10
  7057 | D:8      | Noticed kalosz4's ghost (novice MiCK)
  7057 | D:8      | Found Voaliem's Magic Scroll Boutique.
  7131 | D:9      | Reached ** piety under Makhleb
  7164 | D:8      | Killed kalosz4's ghost
  7319 | D:8      | Noticed Erica
  7338 | D:8      | Killed Erica
  7338 | D:8      | Reached skill level 12 in Maces & Flails
  7372 | D:8      | Found a sacrificial altar of Ru.
  7601 | D:8      | Noticed a two-headed ogre
  7623 | D:8      | Killed a two-headed ogre
  7724 | D:9      | Found a burning altar of Makhleb.
  7732 | D:9      | Noticed a gargoyle
  7759 | D:8      | Killed a gargoyle
  7835 | D:9      | Noticed a green ugly thing
  7836 | D:9      | Noticed a green ugly thing
  7836 | D:9      | Noticed a five-headed hydra
  8189 | D:9      | Found a basalt altar of Yredelemnul.
  8232 | D:10     | Entered Level 10 of the Dungeon
  8248 | D:9      | Reached XP level 11. HP: 56/68 MP: 11/11
  8296 | D:9      | Reached skill level 13 in Maces & Flails
  8321 | D:9      | Reached *** piety under Makhleb
  8435 | D:9      | Killed a five-headed hydra
  8667 | D:10     | Found a staircase to the Lair.
  8741 | D:10     | Found a snail-covered altar of Cheibriados.
  9257 | Lair:1   | Entered Level 1 of the Lair of Beasts
  9378 | Lair:1   | Reached **** piety under Makhleb
  9621 | Lair:1   | Reached skill level 14 in Maces & Flails
  9741 | Lair:1   | Reached XP level 12. HP: 69/77 MP: 12/12
 10096 | Lair:1   | Reached skill level 10 in Armour
 10221 | Lair:1   | Reached skill level 10 in Fighting
 10499 | Lair:2   | Got a bloodstained whip
 10870 | Lair:2   | Identified the +6 whip "Jycaq" {drain, *Corrode rF+ rN++ Stlth+} (You found it on level 2 of the Lair of Beasts)
 10874 | Lair:3   | Noticed a five-headed hydra
 10884 | Lair:3   | Killed a five-headed hydra
 11140 | Lair:3   | Noticed a six-headed hydra
 11156 | Lair:3   | Killed a six-headed hydra
 11156 | Lair:3   | Reached skill level 15 in Maces & Flails
 11548 | Lair:4   | Found a staircase to the Snake Pit.
 11735 | Lair:4   | Found a staircase to the Shoals.
 11791 | Shoals:1 | Entered Level 1 of the Shoals
 11821 | Shoals:1 | Killed from afar by an ice statue

Skill      XL: |  1  2  3  4  5  6  7  8  9 10 11 12 |
---------------+-------------------------------------+-----
Maces & Flails | 3 4 5 6 7 8 9 11 12 14 15 | 15.1
Armour         | 4 5 6 8 9 11 | 11.0
Fighting       | 5 6 8 9 10 | 10.9
Shields        | 4 |  4.4

Action                   |  1- 3 |  4- 6 |  7- 9 | 10-12 || total
-------------------------+-------+-------+-------+-------++-------
Melee: Flail             |   167 |   223 |   589 |    33 ||  1012
       Whip              |       |       |    35 |   170 ||   205
       Morningstar       |       |       |       |   549 ||   549
  Use: Scroll            |       |     5 |     5 |     8 ||    18
       Potion            |       |       |     5 |     6 ||    11
  Eat: Chunk             |     2 |     4 |    12 |    16 ||    34
       Ration            |     1 |       |       |     1 ||     2
Armor: Scale mail        |   101 |    65 |       |       ||   166
       Chain mail        |       |    22 |   314 |   656 ||   992
Dodge: Dodged            |    51 |    65 |    89 |   194 ||   399
Block: Shield            |   106 |   109 |   227 |   437 ||   879
